 Dungeon Crawl Stone Soup version 0.30.0-3-ga4e48a9924 (webtiles) character file.

Game seed: 8553077598142967067

3962 tizbic2 the Summoner (level 10, -2/91 HPs)
             Began as an Ogre Summoner on May 7, 2023.
             Was a Believer of Hepliaklqana.
             Killed by divine providence
             ... invoked by an orc priest
              (14 damage)
             ... on level 8 of the Dungeon.
             The game lasted 00:38:22 (8059 turns).

tizbic2 the Summoner (Ogre Summoner)                Turns: 8059, Time: 00:38:24

Health: -2/91      AC:  8    Str: 14    XL:     10   Next: 22%
Magic:  11/22      EV: 10    Int: 20    God:    Hepliaklqana [**....]
Gold:   86         SH:  5    Dex:  9    Spells: 12/25 levels left

rFire   . . .        m - +4 trident
rCold   . . .        (no shield)
rNeg    + . .        s - +0 robe
rPois   .            (helmet restricted)
rElec   .            n - +0 cloak
rCorr   .            (gloves unavailable)
SInv    .            (boots unavailable)
Will    +....        H - amulet of reflection
Stlth   +            q - ring of positive energy
HPRegen 0.35/turn    C - +4 ring of protection
MPRegen 0.18/turn

%: reflection
@: no status effects
A: reduced essence, large, unfitting armour, tough skin 1
a: Renounce Religion, Recall Ancestor, Ancestor Identity


You were on level 8 of the Dungeon.
You worshipped Hepliaklqana.
Hepliaklqana was pleased with you.
You visited 2 branches of the dungeon, and saw 9 of its levels.

You collected 482 gold pieces.
You spent 396 gold pieces at shops.

Inventory:

Hand Weapons
 a - a +0 mace of protection
 m - a +4 trident (weapon)
 w - a +0 spear
 y - a +1 whip of electrocution
 A - a +1 hand axe of flaming
Missiles
 t - 3 throwing nets
 B - a curare-tipped dart
 F - 2 large rocks
Armour
 n - a +0 cloak (worn)
 s - a +0 robe (worn)
Jewellery
 j - a ring of protection from cold
 p - an amulet of guardian spirit
 q - a ring of positive energy (left hand)
 z - a ring of positive energy
 C - a +4 ring of protection (right hand)
 H - an amulet of reflection (around neck)
 I - a ring of ice
Wands
 i - a wand of charming (5)
Scrolls
 c - a scroll of poison {unknown}
 d - 6 scrolls of teleportation
 e - a scroll of fog
 h - 3 scrolls of vulnerability {unknown}
 u - a scroll of enchant armour {unknown}
 v - a scroll of silence {unknown}
 E - a scroll of torment
 G - a scroll of amnesia {unknown}
Potions
 b - a potion of magic
 f - a potion of lignification
 g - 5 potions of curing
 k - a potion of might {unknown}
 l - 2 potions of ambrosia
 o - a potion of mutation
 r - 2 potions of heal wounds
 x - a potion of brilliance
 D - a potion of experience {unknown}


   Skills:
 + Level 7.5 Fighting
 + Level 3.6 Dodging
 - Level 1.4 Stealth
 * Level 8.0 Spellcasting
 * Level 8.3 Summonings
 - Level 6.1 Air Magic


You had 12 spell levels left.
You knew the following spells:

 Your Spells              Type           Power      Damage    Failure   Level
a - Summon Small Mammal   Summ           100%       N/A       1%          1
b - Call Imp              Summ           82%        N/A       1%          2
c - Call Canine Familiar  Summ           41%        N/A       1%          3
d - Summon Lightning Spi  Summ/Air       37%        N/A       4%          4
e - Summon Guardian Gole  Hex/Summ       24%        N/A       4%          3

Your spell library contained the following spells:

 Spells                   Type           Power      Damage    Failure   Level
 Freeze                   Ice            32%        1d5       9%          1
 Kiss of Death            Conj/Necr      32%        2d7       9%          1
 Magic Dart               Conj           32%        1d4       9%          1
 Necrotise                Necr           32%        1d5       9%          1
 Mephitic Cloud           Conj/Pois/Air  16%        N/A       11%         3
 Confusing Touch          Hex            8%         N/A       26%         3
 Frozen Ramparts          Ice            16%        1d3       26%         3
 Hailstorm                Conj/Ice       8%         3d4       26%         3
 Vampiric Draining        Necr           8%         2d6       26%         3
 Dispel Undead            Necr           8%         3d8       63%         4
 Agony                    Necr           8%         N/A       93%         5


Dungeon Overview and Level Annotations

Branches:
Dungeon (8/15)             Temple (1/1) D:4
   Lair: D:8-11

Altars:
Ashenzari
Cheibriados
Dithmenos
Elyvilon
Fedhas
Gozag
Hepliaklqana
Kikubaaqudgha
Makhleb
Nemelex Xobeh
Okawaru
Qazlal
Sif Muna
Trog
Uskayaw
Vehumet
Wu Jian
Yredelemnul
Zin
The Shining One

Shops:
D:5 =


Innate Abilities, Weirdness & Mutations

Your life essence is reduced to manifest your ancestor. (-10% HP)
You are too large for most types of armour.
You have tough skin. (AC +1)


Message History

Something tries to affect you, but you resist.
The orc warrior hits you from afar with a +0 glaive!
Iwonka barely misses the warg.
The warg bites your wolf.
Your wolf dies!
Your wolf's corpse disappears in a puff of smoke!
Your cerulean imp hits the warg with a +0 spear.
The orc priest looks satisfied for a moment.
Something hits you but does no damage.
The orc warrior hits you from afar with a +0 glaive!
Your cerulean imp hits the warg with a +0 spear.
The orc priest calls down the wrath of Beogh upon you.
Beogh smites you!
The orc priest calls upon Beogh to heal the orc priest.
The orc priest's wounds heal themselves!
You miss the warg.
The warg is severely wounded.
The warg bites you.
Your cerulean imp hits the warg from afar with a +0 spear.
The orc warrior hits you from afar with a +0 glaive!
The orc priest closely misses Iwonka.
The orc priest hits Iwonka but does no damage.
The warg barely misses you. You block the warg's attack.
Iwonka hits something with a +0 flail!
Reactivating autopickup.
You feel a bit more experienced.
Your Spellcasting skill increases to level 8!
You feel much better.
Your cerulean imp hits the warg from afar with a +0 spear.
The warg bites you. The warg bites you!
The orc priest invokes the aid of Beogh against you.
Beogh smites you!
* * * LOW HITPOINT WARNING * * *
The orc warrior barely misses you. The warg attacks as you move away!
The warg closely misses you.
The orc priest mumbles some strange prayers to Beogh against you.
Beogh smites you!
* * * LOW HITPOINT WARNING * * *
The orc priest invokes the aid of Beogh against you.
Beogh smites you!
You die...

..........#.#.............#
..........#.##...)........#
..........#.##............#
............# #..........#
#...........# #oRo.......#
####........####)†5....:##
########..# ##o.o..###
##.####hh.###
#....@.########
##.............#####
#..................#
####################


You could see 2 wargs, an orc warrior, 2 orc priests and a friendly cerulean imp
(summoned).

Vanquished Creatures
  A two-headed ogre (D:8)
  A hornet (D:7)
  A steam dragon (D:7)
  A water moccasin (D:7)
  An ice beast (D:4)
  An orc warrior (D:7)
  2 centaurs (D:8)
  A phantom (D:7)
  A scorpion (D:5)
  An elf skeleton (D:5)
  A jelly (D:6)
  A howler monkey (D:6)
  A hound (D:6)
  2 iguanas
  An adder (D:6)
  A shadow imp (D:5)
  A white imp (D:5)
  An ufetubus (D:5)
  A worm (D:2)
  A dart slug (D:3)
  5 orcs
  4 endoplasms
  2 giant cockroaches (D:2)
  5 goblins
  A hobgoblin (D:1)
  3 quokkas
  2 ball pythons (D:4)
  A bat (D:3)
  2 frilled lizards (D:1)
  A kobold (D:3)
  5 rats
53 creatures vanquished.

Vanquished Creatures (collateral kills)
  An unseen horror (D:8)
  A hornet (D:8)
  A wyvern (D:8)
  2 water moccasins
  A sky beast (D:6)
  An ice beast (D:8)
  An orc warrior (D:8)
  A centaur (D:8)
  A phantom (D:4)
  A kobold brigand (D:7)
  An elf zombie (D:5)
  A bullfrog (D:8)
  An elf skeleton (D:5)
  A howler monkey (D:8)
  An orc priest (D:7)
  3 hounds
  A jelly (D:5)
  2 sleepcaps
  3 human skeletons (D:5)
  3 iguanas
  8 orc wizards
  4 gnolls (D:5)
  3 adders
  A white imp (D:6)
  An ufetubus (D:6)
  A dart slug (D:4)
  15 orcs
  2 ball pythons
  2 endoplasms (D:2)
  2 goblins
  2 hobgoblins
  6 kobolds
  4 quokkas
  A bat (D:1)
  A rat (D:2)
81 creatures vanquished.

Vanquished Creatures (others)
  2 knights
  An orc (D:7)
  A goblin (D:3)
4 creatures vanquished.

Grand Total: 138 creatures vanquished

Notes
Turn   | Place    | Note
-------+----------+-------------------------------------------
     0 | D:1      | tizbic2 the Ogre Summoner began the quest for the Orb.
     0 | D:1      | Reached XP level 1. HP: 16/16 MP: 3/3
   131 | D:1      | Reached XP level 2. HP: 22/26 MP: 3/5
   346 | D:1      | Reached skill level 1 in Air Magic
   352 | D:1      | Reached skill level 1 in Fighting
   906 | D:2      | Reached XP level 3. HP: 13/33 MP: 1/7
   988 | D:2      | Learned a level 2 spell: Call Imp
  1699 | D:3      | Found a radiant altar of Vehumet.
  1746 | D:3      | Found a sparkling altar of Nemelex Xobeh.
  1891 | D:3      | Identified the +2 leather armour of Terrible Knowledge {Fly
                  | Will- Int+6 Dex-5}
  2052 | D:4      | Reached XP level 4. HP: 13/42 MP: 3/8
  2218 | D:4      | Noticed an ice beast
  2273 | D:4      | Learned a level 3 spell: Call Canine Familiar
  2293 | D:4      | Killed an ice beast
  2294 | D:4      | Reached XP level 5. HP: 38/50 MP: 2/10
  2491 | D:4      | Found a stormy altar of Qazlal.
  2549 | D:4      | Reached XP level 6. HP: 55/61 MP: 11/11
  2555 | D:4      | Learned a level 4 spell: Summon Lightning Spire
  2608 | D:4      | Found a staircase to the Ecumenical Temple.
  2622 | Temple   | Entered the Ecumenical Temple
  2981 | Temple   | Became a worshipper of Hepliaklqana the Forgotten
  3257 | D:5      | Entered Level 5 of the Dungeon
  3596 | D:5      | Found a snail-covered altar of Cheibriados.
  3632 | D:5      | Found Koujyce's Jewellery Emporium.
  3648 | D:5      | Reached XP level 7. HP: 14/67 MP: 9/13
  3870 | D:5      | Reached skill level 5 in Summonings
  4804 | D:5      | Reached XP level 8. HP: 70/79 MP: 12/15
  4833 | D:5      | Learned a level 3 spell: Summon Guardian Golem
  5221 | D:6      | Reached * piety under Hepliaklqana
  5285 | D:6      | Reached skill level 5 in Air Magic
  5348 | D:6      | Reached skill level 5 in Fighting
  5348 | D:6      | Reached skill level 5 in Spellcasting
  5906 | D:6      | Found an opulent altar of Gozag.
  6293 | D:7      | Reached ** piety under Hepliaklqana
  6294 | D:7      | Remembered your ancestor Iwonka as a knight
  6403 | D:7      | Reached XP level 9. HP: 47/80 MP: 8/17
  6405 | D:7      | Noticed a hornet
  6438 | D:7      | Killed a hornet
  6695 | D:7      | Found a shadowy altar of Dithmenos.
  6713 | D:7      | Found a broken altar of Ashenzari.
  6969 | D:5      | Bought a +4 ring of protection for 396 gold pieces
  7188 | D:8      | Killed an unseen horror
  7321 | D:8      | Found a bloodstained altar of Trog.
  7321 | D:8      | Found an iron altar of Okawaru.
  7344 | D:8      | Noticed a two-headed ogre
  7352 | D:8      | Found a blossoming altar of Fedhas.
  7353 | D:8      | Killed a two-headed ogre
  7354 | D:8      | Reached XP level 10. HP: 64/91 MP: 12/21
  7520 | D:8      | Found a white marble altar of Elyvilon.
  7596 | D:8      | Paralysed by a hornet for 2 turns
  8059 | D:8      | Killed from afar by an orc priest

Illustrated notes

Levels and vault maps discovered:
D:1:      dpeg_arrival_rooms_a, layout_loops_ring, nrook_mini_backslash
D:2:      layout_loops_cross, st_stairs_1, kennysheep_potato
D:3:      layout_basic, fiery_altar_vehumet, nemelex_xobeh_ov_fountains_minmay,
          mainiacjoe_overflow_six_doors_small
D:4:      layout_gridville, nicolae_qazlal_general_emergency,
          minmay_temple_entry_tees, st_stairs_5
D:5:      nicolae_cairo_tiling, layout_loops_cross, cheibriados_altar_1,
          nicolae_ossuary_entry_catacombs, serial_shops,
          nicolae_shop_gaudy_bauble, minmay_fountain_box, minmay_misc_feat_x
D:6:      layout_basic, kennysheep_little_box
D:7:      layout_basic, minitemple, minmay_diced_spiral
D:8:      layout_cave_pods, grunt_temple_overflow_bloody_war,
          nicolae_elyvilon_temple_path, fedhas_bush_and_centaur_altar,
          erik_lair_orcish_takeover, st_stairs_7
Temple:   compressed_dpeg_triangle_lava_temple

Skill      XL: |  1  2  3  4  5  6  7  8  9 10 |
---------------+-------------------------------+-----
Air Magic      | 1 2 3 4 5 6 |  6.1
Fighting       | 1 2 3 4 5 7 |  7.5
Spellcasting   | 3 4 5 7 8 |  8.0
Summonings     | 4 5 6 8 |  8.3
Dodging        | 3 |  3.6
Stealth        | |  1.4

Action                     |  1- 3 |  4- 6 |  7- 9 | 10-12 || total
---------------------------+-------+-------+-------+-------++-------
  Melee: Dagger            |     7 |       |       |       ||     7
         Club              |     5 |       |       |       ||     5
         Unarmed           |     2 |       |       |       ||     2
         Spear             |    94 |    67 |   107 |       ||   268
         Trident           |    25 |       |   100 |    14 ||   139
         Mace              |       |     3 |       |       ||     3
         Punch             |       |       |     2 |       ||     2
  Throw: Dart              |       |       |     1 |       ||     1
   Cast: Summon Small Mamm |    25 |     1 |       |       ||    26
         Call Imp          |    10 |    10 |    15 |     3 ||    38
         Call Canine Famil |       |     7 |    12 |     3 ||    22
         Summon Lightning  |       |       |     7 |     3 ||    10
 Invoke: Ancestor Life: Kn |       |       |     1 |       ||     1
         Ancestor Identity |       |       |     1 |       ||     1
         Recall Ancestor   |       |       |     1 |       ||     1
    Use: Scroll            |     3 |       |    14 |       ||    17
         Potion            |       |       |       |     1 ||     1
   Stab: Distracted        |     1 |       |     3 |       ||     4
         Sleeping          |     1 |     1 |     2 |       ||     4
 Armour: Robe              |    43 |    22 |    55 |    16 ||   136
  Dodge: Dodged            |    47 |    34 |    64 |    20 ||   165
  Block: Other             |       |       |       |     3 ||     3
